 Dungeon Crawl Stone Soup version 0.18.1-48-g4cf74bf (webtiles) character file.

17546 georgeearnest the Cleaver (level 12, 0/168 HPs)
             Began as a Hill Orc Fighter on Aug 9, 2016.
             Was a High Priest of Beogh.
             Succumbed to a spiny frog's poison
             ... on level 2 of the Lair of Beasts.
             The game lasted 00:27:50 (13781 turns).

georgeearnest the Cleaver (Hill Orc Fighter)       Turns: 13781, Time: 00:27:51

Health: 0/168      AC: 26    Str: 24    XL:     12   Next: 49%
Magic:  12/12      EV:  2    Int:  8    God:    Beogh [*****.]
Gold:   843        SH:  0    Dex: 23    Spells: 0 memorised, 11 levels left

rFire  . . .     SeeInvis .     b - +3 battleaxe (flame)
rCold  . . .     Gourm    .     (armour currently unavailable)
rNeg   + + +     Faith    .     (shield currently unavailable)
rPois  +         Spirit   .     (helmet currently unavailable)
rElec  .         Dismiss  .     (cloak currently unavailable)
rCorr  .         Reflect  .     (gloves currently unavailable)
SustAt .         Harm     .     (boots currently unavailable)
MR     .....     NoTele   +     H - amulet of magic regeneration
Stlth  ++++......               F - +4 ring of dexterity
                                G - +4 ring of dexterity

@: agile, lethally poisoned (0 -> -1), tree-form, not resistant to hostile
enchantments, stealthy
A: walk on water
a: Smiting, Recall Orcish Followers, Give Item to Named Follower, Renounce
Religion


You were on level 2 of the Lair of Beasts.
You worshipped Beogh.
Beogh was extremely pleased with you.
You were not hungry.
You were a tree.
You visited 2 branches of the dungeon, and saw 12 of its levels.
You also visited: Ossuary and Volcano.

You collected 843 gold pieces.

Inventory:

Hand Weapons
 b - a +3 battleaxe of flaming (weapon)
 n - a +2 battleaxe
Armour
 c - a +1 ring mail of fire resistance (melded)
 k - a +2 helmet (melded)
 u - a +1 pair of gloves (melded)
 I - the +0 cloak of Untruth (melded) {rElec SInv}
   (You found it on level 8 of the Dungeon)

   It insulates you from electricity.
   It lets you see invisible.
 T - a +0 troll leather armour
Jewellery
 p - an uncursed ring of see invisible
 F - a +4 ring of dexterity (right branch)
 G - a +4 ring of dexterity (left branch)
 H - an amulet of magic regeneration (around neck)
 L - a cursed -4 ring of intelligence {unknown}
 P - an uncursed ring of poison resistance {unknown}
Wands
 f - a wand of lightning (8/15)
 h - a wand of polymorph (0/24)
 j - a wand of teleportation (3/9)
 r - a wand of polymorph (1/24)
 s - a wand of paralysis (13/24)
 B - a wand of acid (1/15)
 J - a wand of flame (12/48)
 K - a wand of disintegration (8/24)
 S - a wand of acid (0/15)
 U - a wand of confusion (28/48)
Scrolls
 a - 2 scrolls of identify
 d - 2 scrolls of blinking
 e - 2 scrolls of summoning
 g - 11 scrolls of remove curse
 l - a scroll of fear
 t - a scroll of teleportation
 w - 2 scrolls of amnesia
 y - 2 scrolls of enchant weapon
 C - a scroll of magic mapping
 M - a scroll of random uselessness
 R - 2 scrolls of recharging
Potions
 m - a potion of berserk rage
 o - 4 potions of brilliance
 q - a potion of resistance
 z - a potion of lignification
 A - 2 potions of magic
 D - a potion of agility
 E - 3 potions of degeneration
 Q - a potion of flight
Books
 N - a book of the Warp

   Spells                             Type                      Level
   a - Recall                         Summoning/Translocation      3
   b - Gell's Gravitas                Hexes/Translocation          3
   c - Force Lance                    Conjuration/Translocation    4
   d - Warp Weapon                    Charms/Translocation         5
   e - Summon Forest                  Summoning/Translocation      5
Comestibles
 i - 8 beef jerkies
 v - 3 bread rations
 x - 5 meat rations


   Skills:
 + Level 12.0 Fighting
 + Level 14.5 Axes
 + Level 10.7 Armour
 + Level 7.1 Dodging
 + Level 2.5 Stealth
   Level 4.5 Shields
 + Level 1.1 Evocations


You had 11 spell levels left.
You didn't know any spells.

Dungeon Overview and Level Annotations

Branches:
Dungeon (10/15)            Temple (0/1) D:5            Lair (2/8) D:10
    Orc: D:9-12

Altars:
Ashenzari
Dithmenos
Fedhas
Gozag
Makhleb
Pakellas
Sif Muna
Yredelemnul

Shops:
D:7 [


Message History

Your +1 ring mail of fire resistance unmelds from your body.
You feel resistant to fire.
* * * LOW HITPOINT WARNING * * *
You feel sick.
Drink which item? (? for menu, Esc to quit)
You turn into a tree.
The +0 cloak of Untruth {rElec SInv} melds into your body.
Your +2 helmet melds into your body.
Your +1 pair of gloves melds into your body.
Your +1 ring mail of fire resistance melds into your body.
You feel less resistant to fire.
Your roots penetrate the ground.
Unknown command.
* * * LOW HITPOINT WARNING * * *
You feel sick.
The spiny frog stings you but does no damage.
The spiny frog barely misses you.
The spiny frog stings you but does no damage.
The spiny frog stings you.
* * * LOW HITPOINT WARNING * * *
You die...

#.###.....##.####............. ..
8..#.###....#.8.##............ .
...#.......#.....#............
>......8...+....8#.........F.. .
...........#.....#............ .
8..#...#...##.8.......†....## .
.#.#......#.###.#....†......# #.
#........#...................##t.
...##.....##....♣FY......Y.###...
#..............####[...#.....##..
P..#..........## #...##P........
#...†..8.#.#...# #.P..#.........
#....#.÷÷#.#..## #..P## ..######
#..#.....#.# ... (..## ..#
#..##.....#. .. ....# .
#..###...##. . ..... ≈.#
#..##P...###.... ..... ≈..


You could see a yak and a spiny frog.

Vanquished Creatures
  Harold (Volcano)
  Erica (Lair:2)
  Pikel (D:8)
  A deep elf mage (Volcano)
  A black mamba (Lair:2)
  3 spiny frogs
  A komodo dragon (D:10)
  5 two-headed ogres
  Prince Ribbit (D:8)
  Grinder (D:5)
  8 blink frogs
  A wyvern (Lair:2)
  15 yaks
  A basilisk (Lair:2)
  Eustachio (D:6)
  5 hippogriffs
  A hungry ghost (D:9)
  Menkaure (D:6)
  5 water moccasins
  2 porcupines (Lair:2)
  Duvessa (D:7)
  2 orc warriors (D:9)
  2 slaves (D:8)
  A black bear (D:10)
  3 ice beasts
  A sky beast (D:8)
  6 ogres
  2 centaurs
  2 wolves (Lair:2)
  4 crocodiles
  7 giant frogs
  2 scorpions
  Dowan (D:7)
  8 wights
  5 killer bees (D:10)
  6 crimson imps
  A giant frog zombie (D:7)
  4 centaur zombies (Ossuary)
  A jelly (D:5)
  Crazy Yiuf (D:6)
  4 hounds
  4 orc priests
  A giant frog skeleton (D:4)
  10 iguanas
  Terence (D:2)
  9 orc wizards
  10 worker ants
  5 sheep (Lair:2)
  An ogre zombie (Ossuary)
  A hound skeleton (D:9)
  7 mummies (Ossuary)
  A worker ant zombie (D:10)
  12 adders
  A shadow imp (D:10)
  4 adder zombies
  4 worms
  A dart slug (D:1)
  4 giant geckos
  16 orcs
  A ball python (D:3)
  8 bats
  8 giant cockroaches
  A gnoll zombie (Ossuary)
  13 goblins
  7 hobgoblins
  14 jackals
  3 quokkas
  A giant gecko skeleton (D:5)
  A giant newt (D:3)
  3 goblin zombies (Ossuary)
  4 hobgoblin zombies (Ossuary)
  2 jackal zombies
  8 kobolds
  5 kobold zombies (Ossuary)
  6 quokka zombies (Ossuary)
  9 rats
  3 rat zombies (Ossuary)
  2 fungi (D:6)
  A plant (D:10)
312 creatures vanquished.

Vanquished Creatures (collateral kills)
  A centaur zombie (D:10)
  Psyche (D:10)
  A spiny frog (Lair:1)
  A troll (D:10)
  A blink frog (Lair:2)
  9 yaks
  A phantom (D:10)
  2 crocodiles (Lair:1)
  4 killer bees (D:10)
  A wight (D:10)
  A hound (D:10)
  3 iguanas (Lair:1)
  2 fungi
  2 plants (D:10)
30 creatures vanquished.

Vanquished Creatures (others)
  2 orc knights (Lair:2)
  An orc warrior (D:10)
  3 orc wizards
  A centaur (Volcano)
  An orc priest (Volcano)
  2 orcs (Volcano)
  4 fungi
  5 plants
19 creatures vanquished.

Grand Total: 361 creatures vanquished

Notes
Turn   | Place    | Note
--------------------------------------------------------------
     0 | D:1      | georgeearnest the Hill Orc Fighter began the quest for the Orb.
     0 | D:1      | Reached XP level 1. HP: 19/19 MP: 1/1
   100 | D:1      | Reached XP level 2. HP: 16/27 MP: 2/2
   315 | D:1      | Reached XP level 3. HP: 30/33 MP: 3/3
   576 | D:2      | Reached skill level 3 in Axes
   619 | D:2      | Noticed Terence
   645 | D:2      | Killed Terence
   645 | D:2      | Reached XP level 4. HP: 15/40 MP: 4/4
  1002 | D:2      | Found a deep blue altar of Sif Muna.
  1027 | D:2      | Reached skill level 1 in Dodging
  1230 | D:3      | Reached XP level 5. HP: 43/47 MP: 5/5
  1253 | D:3      | Reached XP level 6. HP: 25/53 MP: 6/6
  1269 | D:3      | Gained mutation: You are clumsy. (Dex -2) [potion of mutation]
  1269 | D:3      | Gained mutation: Your mind is acute. (Int +2) [potion of mutation]
  1269 | D:3      | Gained mutation: You are resistant to hostile enchantments. [potion of mutation]
  1514 | D:3      | Reached skill level 4 in Axes
  1562 | D:3      | Found an oddly glowing altar of Pakellas.
  1784 | D:3      | Found a basalt altar of Yredelemnul.
  1784 | D:3      | Found a shadowy altar of Dithmenos.
  1785 | D:3      | Found an oddly glowing altar of Pakellas.
  1801 | D:3      | Became a worshipper of Pakellas the Inventive
  2331 | D:4      | Reached skill level 5 in Armour
  2342 | D:4      | Reached XP level 7. HP: 25/60 MP: 7/7
  2751 | D:4      | Reached * piety under Pakellas
  2751 | D:4      | Received a gift from Pakellas
  2847 | D:4      | Reached skill level 5 in Axes
  2937 | D:4      | Found a burning altar of Makhleb.
  3036 | D:4      | Fell from the grace of Pakellas
  3036 | D:4      | Became a worshipper of Beogh the Brigand
  3051 | D:4      | Reached skill level 5 in Fighting
  3326 | D:5      | Entered Level 5 of the Dungeon
  3537 | D:5      | Found a staircase to the Ecumenical Temple.
  3670 | D:5      | Found a shattered altar of Ashenzari.
  3670 | D:5      | Found a blossoming altar of Fedhas.
  3775 | D:5      | Reached XP level 8. HP: 69/69 MP: 8/8
  3916 | D:5      | Reached skill level 6 in Axes
  3943 | D:5      | Noticed Grinder
  3956 | D:5      | Killed Grinder
  4319 | D:6      | Found an opulent altar of Gozag.
  4387 | D:6      | Reached skill level 7 in Axes
  4406 | D:6      | Noticed Menkaure
  4420 | D:6      | Killed Menkaure
  4735 | D:6      | Reached * piety under Beogh
  4780 | D:6      | Noticed Eustachio
  4846 | D:6      | Killed Eustachio
  4846 | D:6      | Reached XP level 9. HP: 45/79 MP: 9/9
  5447 | D:6      | Noticed Crazy Yiuf
  5458 | D:6      | Killed Crazy Yiuf
  5780 | D:7      | Found Kiafoh's Antique Armour Emporium.
  5820 | D:7      | Reached skill level 8 in Axes
  5935 | D:7      | Noticed Dowan
  5941 | D:7      | Killed Dowan
  5973 | D:7      | Noticed Duvessa
  5991 | D:7      | Killed Duvessa
  6693 | D:8      | Noticed Pikel
  6707 | D:8      | Killed Pikel
  6707 | D:8      | Reached skill level 1 in Stealth
  6746 | D:8      | Noticed Prince Ribbit
  6868 | D:8      | Reached skill level 9 in Axes
  6923 | D:8      | Got a smoking cloak
  6924 | D:8      | Found a sand-covered staircase.
  6933 | Ossuary  | Entered an ossuary
  6939 | Ossuary  | Identified the cursed +0 cloak of Untruth {rElec SInv} (You found it on level 8 of the Dungeon)
  7033 | Ossuary  | Reached skill level 5 in Dodging
  7136 | Ossuary  | Reached ** piety under Beogh
  7470 | D:8      | Killed Prince Ribbit
  7470 | D:8      | Reached XP level 10. HP: 90/90 MP: 0/10
  7641 | D:9      | Reached skill level 10 in Axes
  8394 | D:10     | Entered Level 10 of the Dungeon
  8404 | D:10     | Reached skill level 11 in Axes
  8411 | D:10     | Reached *** piety under Beogh
  8920 | D:10     | Reached skill level 10 in Fighting
  9131 | D:10     | Reached XP level 11. HP: 88/101 MP: 0/11
  9163 | D:10     | Reached skill level 12 in Axes
  9301 | D:10     | Noticed Psyche
  9306 | D:10     | Killed Psyche
  9788 | D:10     | Found a staircase to the Lair.
  9854 | D:10     | Lost mutation: You are clumsy. (Dex -2) [potion of mutation]
  9854 | D:10     | Lost mutation: Your mind is acute. (Int +2) [potion of mutation]
  9854 | D:10     | Gained mutation: You are somewhat resistant to further mutation. [potion of mutation]
  9856 | D:10     | Gained mutation: You are clumsy. (Dex -2) [potion of mutation]
  9856 | D:10     | Gained mutation: You have large cloven feet. [potion of mutation]
  9870 | Lair:1   | Entered Level 1 of the Lair of Beasts
  9910 | Lair:1   | Reached **** piety under Beogh
 10011 | Lair:1   | Was forgiven by Pakellas
 11717 | Lair:2   | Reached skill level 10 in Armour
 11818 | Lair:2   | Reached skill level 13 in Axes
 11928 | Lair:2   | Found a dark tunnel.
 11952 | Volcano  | Entered a volcano
 12158 | Volcano  | Lost mutation: You are somewhat resistant to further mutation. [potion of cure mutation]
 12158 | Volcano  | Lost mutation: You are resistant to hostile enchantments. [potion of cure mutation]
 12158 | Volcano  | Lost mutation: You are clumsy. (Dex -2) [potion of cure mutation]
 12158 | Volcano  | Lost mutation: You have large cloven feet. [potion of cure mutation]
 12220 | Volcano  | Noticed a deep elf mage
 12231 | Volcano  | Killed a deep elf mage
 12240 | Volcano  | Noticed Harold
 12370 | Volcano  | Reached XP level 12. HP: 42/110 MP: 12/12
 12372 | Volcano  | Killed Harold
 12955 | Lair:2   | Noticed Erica
 12968 | Lair:2   | Killed Erica
 12968 | Lair:2   | Reached skill level 14 in Axes
 13042 | Lair:2   | Reached skill level 1 in Evocations
 13407 | Lair:2   | Reached ***** piety under Beogh
 13437 | Lair:2   | Noticed a six-headed hydra
 13507 | Lair:1   | You fall through a shaft!
 13763 | Lair:2   | HP: 5/112 [poisoned by a spiny frog]
 13768 | Lair:2   | HP: 4/168 [poisoned by a spiny frog]
 13774 | Lair:2   | HP: 3/168 [poisoned by a spiny frog]
 13776 | Lair:2   | HP: 1/112 [poisoned by a spiny frog]
 13781 | Lair:2   | Succumbed to a spiny frog's poison

Skill      XL: |  1  2  3  4  5  6  7  8  9 10 11 12 |
---------------+-------------------------------------+-----
Fighting       | 4 5 7 8 10 11 12 | 12.0
Axes           | 3 4 5 7 9 11 13 14 | 14.5
Armour         | 4 5 6 7 8 9 10 | 10.7
Shields        | 4 |  4.5
Dodging        | 1 2 3 4 5 6 7 |  7.1
Stealth        | 1 2 |  2.5
Evocations     | 1 |  1.1

Action                   |  1- 3 |  4- 6 |  7- 9 | 10-12 || total
-------------------------+-------+-------+-------+-------++-------
Melee: War axe           |   115 |    45 |       |       ||   160
       Battleaxe         |       |   107 |   485 |   397 ||   989
       Kick              |       |       |       |    44 ||    44
Invok: Convert to Beogh  |       |       |     1 |       ||     1
Evoke: Wand              |       |       |       |     6 ||     6
  Use: Potion            |     1 |     3 |     4 |    10 ||    18
       Scroll            |       |       |       |    26 ||    26
 Stab: Distracted        |       |       |     1 |     3 ||     4
  Eat: Bread ration      |       |     1 |     3 |     5 ||     9
       Meat ration       |       |     1 |       |       ||     1
       Pizza             |       |       |     1 |       ||     1
       Beef jerky        |       |       |     1 |       ||     1
Armor: Scale mail        |    63 |    92 |   273 |   171 ||   599
       Troll leather arm |       |       |       |     1 ||     1
       Ring mail         |       |       |       |    39 ||    39
       Skin              |       |       |       |     2 ||     2
Dodge: Dodged            |    39 |    81 |   275 |   384 ||   779
Block: Shield            |    62 |    15 |       |       ||    77
